 Dungeon Crawl Stone Soup version 0.32-a0-460-gc8eefc90e7 (webtiles) character file.

Game seed: 7718166547799689792

193 Morbidden the Ruffian (level 5, -2/34 HPs)
             Began as a Gargoyle Shapeshifter on Feb 24, 2024.
             Killed by divine providence
             ... invoked by an orc priest
              (11 damage)
             ... on level 3 of the Dungeon.
             The game lasted 00:03:13 (2623 turns).

Morbidden the Ruffian (Gargoyle Shapeshifter)       Turns: 2623, Time: 00:03:13

Health: -2/34      AC:  9    Str: 17 (20) XL:     5   Next: 72%
Magic:  5/5        EV: 10    Int:  9 (10) God:
Gold:   123        SH:  0    Dex:  6 (9)  Spells: 4/4 levels left

rFire   . .          .
                       - Unarmed
rCold   . . .        (no shield)
rNeg    + . .        s - +0 ring mail
rPois   ∞            (helmet currently unavailable)
rElec   +            f - melded +2 cloak
rCorr   .            g - melded +0 pair of gloves
SInv    .            o - melded +0 pair of boots
Will    .....        m - amulet of magic regeneration Stlth
                     (no ring)
HPRegen 0.25/turn    (no ring)
MPRegen 0.49/turn

%: clarity
@: mighty, brilliant, beast-form, on berserk cooldown, hasted and slowed
A: beast (slay +1), sickness immunity, AC +4, negative energy resistance 1,
electricity resistance, torment resistance 1, petrification resistance, clarity,
robust 1, MP-powered wands
a: Begin Untransformation, Convert to Beogh


You were on level 3 of the Dungeon.
You were a hulking beast.
You visited 1 branch of the dungeon, and saw 3 of its levels.

You collected 123 gold pieces.

Inventory:

Armour
 f - a +2 cloak (melded)
 g - a +0 pair of gloves (melded)
 o - a +0 pair of boots (melded)
 q - a scarf of resistance
 s - a +0 ring mail (worn)
Jewellery
 m - an amulet of magic regeneration (around neck)
Talismans
 c - a beast talisman (active)
 d - a flux talisman
 p - a maw talisman
Scrolls
 a - a scroll of enchant weapon {unknown}
 e - 3 scrolls of identify {unknown}
 h - a scroll of teleportation {unknown}
 k - a scroll of enchant armour {unknown}
 n - a scroll of revelation {unknown}
 v - a scroll of vulnerability {unknown}
 w - a scroll of fear {unknown}
 x - a scroll of immolation {unknown}
Potions
 b - a potion of lignification
 i - a potion of attraction {unknown}
 r - a potion of degeneration
 u - a potion of might
 A - 2 potions of curing {unknown}


   Skills:
 * Level 2.5 Fighting
 + Level 1.0 Armour
 * Level 2.1 Dodging
 + Level 0.6 Stealth
 * Level 4.6 Unarmed Combat
 * Level 3.0 Shapeshifting


You had 4 spell levels left.
You didn't know any spells.
Your spell library contained the following spells:

 Spells                   Type           Power      Damage    Failure   Level
 Apportation              Tloc           0%         N/A       58%         1
 Jinxbite                 Hex            0%         N/A       75%         2
 Alistair's Intoxication  Alch           0%         N/A       100%        5


Dungeon Overview and Level Annotations

Branches:
Dungeon (3/15)

Altars:
Elyvilon
Hepliaklqana


Innate Abilities, Weirdness & Mutations

You are a hulking beast.
Your limbs bulge with bestial killing power. (Slay +1)
You are immune to sickness and miasma.
Your stone body is resilient. (AC +4)
You are immune to poison.
You resist negative energy. (rN+)
You are resistant to electric shocks. (rElec)
You are resistant to unholy torment.
You are immune to petrification.
You possess an exceptional clarity of mind.
You are robust. (+10% HP)
You expend magic power (3 MP) to strengthen your wands.


Message History

It was a potion of degeneration.
There was something very wrong with that liquid.
You feel weakened.
You feel dopey.
You feel clumsy.
The orc priest looks braver for a moment.
Something hits you but does no damage.
Unknown command.
It was a potion of mutation.
You feel extremely strange.
Your thoughts seem clearer.
You feel robust.
You feel your magical essence link to the dungeon's wands.
You feel less confused.
An orc wizard appears from thin air!
Reactivating autopickup.
The orc wizard closely misses you. The orc wizard barely misses you.
The orc priest shouts, "Surrender to Beogh and we'll let you live!" (press Y on the ability menu to convert to Beogh) Unknown command.
It was a potion of might.
You feel very mighty all of a sudden.
The orc wizard hits you with a +0 dagger.
Unknown command.
It was a potion of brilliance.
You feel clever all of a sudden.
The orc wizard hits you with a +0 dagger.
The orc wizard barely misses you.
Unknown command.
It was a potion of haste.
You feel yourself speed up. The orc wizard barely misses you.
You punch the orc wizard!
You kill the orc wizard!
The orc priest invokes the aid of Beogh against you.
Beogh smites you!
* * * LOW HITPOINT WARNING * * *
Your Armour skill increases to level 1!
Unknown command.
Unknown command.
You closely miss the orc. The orc hits you with a +0 club.
* * * LOW HITPOINT WARNING * * *
The orc priest invokes the aid of Beogh against you.
Beogh smites you!
You die...

###############
#.....ho.o....#
###.#########..
#.#### #...>#
####.#####
#.....# #
#####.# #.##
#.## #...
#..### ####


You could see an orc priest and an orc.

Vanquished Creatures
  4 orc wizards (D:3)
  3 adders
  9 orcs (D:3)
  7 endoplasms
  3 giant cockroaches (D:1)
  4 goblins
  6 hobgoblins
  4 jackals
  A quokka (D:3)
  A ball python (D:2)
  4 bats
  4 frilled lizards
  3 kobolds (D:2)
  6 rats
59 creatures vanquished.

Vanquished Creatures (others)
  An orc (D:3)
1 creature vanquished.

Grand Total: 60 creatures vanquished

Notes
Turn   | Place    | Note
-------+----------+-------------------------------------------
     0 | D:1      | Morbidden the Gargoyle Shapeshifter began the quest for the
                  | Orb.
     0 | D:1      | Reached XP level 1. HP: 12/12 MP: 1/1
   119 | D:1      | Reached XP level 2. HP: 13/16 MP: 2/2
  1218 | D:2      | Reached XP level 3. HP: 19/20 MP: 3/3
  1772 | D:3      | Found a hazy altar of Hepliaklqana.
  1772 | D:3      | Found a white marble altar of Elyvilon.
  1808 | D:3      | Reached XP level 4. HP: 6/26 MP: 4/4
  1814 | D:3      | Reached skill level 4 in Unarmed Combat
  2110 | D:3      | Reached XP level 5. HP: 30/30 MP: 5/5
  2479 | D:3      | Found a faded altar of an unknown god.
  2618 | D:3      | Gained mutation: You possess an exceptional clarity of
                  | mind. [potion of mutation]
  2618 | D:3      | Gained mutation: You are robust. (+10% HP) [potion of
                  | mutation]
  2618 | D:3      | Gained mutation: You expend magic power (3 MP) to
                  | strengthen your wands. [potion of mutation]
  2623 | D:3      | Reached skill level 1 in Armour
  2623 | D:3      | Killed from afar by an orc priest

Illustrated notes

Levels and vault maps discovered:
D:1:      onia_arrival_pyramid, layout_basic, hangedman_decor_clover_reticule
D:2:      layout_basic, supply_closet_lemuel, serial_bayou_lagoon_a
D:3:      layout_rooms, nicolae_gozag_cash_rules_everything_around_me,
          gammafunk_temple_overflow_wave, shapermc_ecumenical_altar_venn

Skill      XL: |  1  2  3  4  5 |
---------------+----------------+-----
Fighting       | 2 |  2.5
Dodging        | 2 |  2.1
Unarmed Combat | 4 |  4.6
Shapeshifting  | 3 |  3.0
Armour         | 1 |  1.0
Stealth        | |  0.6

Action                     |  1- 3 |  4- 6 || total
---------------------------+-------+-------++-------
  Melee: Unarmed           |   121 |   101 ||   222
         Punch             |     1 |     3 ||     4
    Use: Potion            |       |     7 ||     7
 Armour: Animal skin       |    45 |       ||    45
         Ring mail         |    20 |    77 ||    97
  Dodge: Dodged            |    82 |    45 ||   127
   Form: Beast             |     1 |       ||     1
         Flux              |     1 |       ||     1

Table legend: (Time is in decaauts)
 A = Elapsed time spent in this place.
 B = Non-inter-level travel time spent in this place.
 C = Inter-level travel time spent in this place.
 D = Time resting spent in this place.
 E = Time spent auto-exploring this place.
 F = Levels seen in this place.
 G = Mean time per level.
                   A        B        C        D        E       F      G
               +--------+--------+--------+--------+--------+-----+--------+
         Total |   2634 |   2503 |    131 |    354 |   1639 |   3 |  878.0 |
       Dungeon |   2634 |   2503 |    131 |    354 |   1639 |   3 |  878.0 |
               +--------+--------+--------+--------+--------+-----+--------+

Top non-repeatable levels by time:
     D:1: 917 daAuts
     D:3: 906 daAuts
     D:2: 810 daAuts
